 Dungeon Crawl Stone Soup version 0.26.1-2-gb8aa6d0cf2 (webtiles) character file.

Game seed: 4879033322845609850

3087 Electrofox the Shield-Bearer (level 9, -1/71 HPs)
             Began as a Gnoll Wanderer on Mar 13, 2021.
             Was a Follower of Nemelex Xobeh.
             Slain by a troll (9 damage)
             ... on level 9 of the Dungeon on Mar 14, 2021.
             The game lasted 01:07:55 (10646 turns).

Electrofox the Shield-Bearer (Gnoll Wanderer)      Turns: 10646, Time: 01:07:56

Health: -1/71      AC: 19    Str: 20    XL:     9   Next: 89%
Magic:  5/5        EV:  9    Int: 13    God:    Nemelex Xobeh [*.....]
Gold:   425        SH:  9    Dex: 26    Spells: 16/17 levels left

rFire    . . .     SeeInvis .   B - +2 demon blade (antimagic)
rCold    . . .     Faith    .   I - +2 buckler
rNeg     . . .     Spirit   .   O - +3 plate armour
rPois    .         Reflect  .   j - +0 helmet
rElec    .         Harm     .   u - +0 cloak
rCorr    .         Rampage  .   t - +0 pair of gloves
Will     .....                  (no boots)
Stlth    ..........             (no amulet)
HPRegen  0.21/turn              g - +6 ring of dexterity
MPRegen  0.09/turn              q - +6 ring of dexterity

@: no status effects
A: distributed training, fangs 1, strong nose
a: Renounce Religion, Draw Escape, Draw Destruction, Draw Summoning


You were on level 9 of the Dungeon.
You worshipped Nemelex Xobeh.
Nemelex Xobeh was aware of your devotion.
You visited 2 branches of the dungeon, and saw 10 of its levels.

You collected 425 gold pieces.

Inventory:

Hand Weapons
 a - a +2 flail of holy wrath
 b - a +0 hunting sling of freezing
 B - a +2 antimagic demon blade (weapon)
Missiles
 n - 26 sling bullets
 w - 9 poisoned darts (quivered)
 x - a curare-tipped dart
 G - 3 atropa-tipped darts
Armour
 d - a +0 kite shield
 j - a +0 helmet (worn)
 t - a +0 pair of gloves (worn)
 u - a +0 cloak (worn)
 z - a +1 ring mail of poison resistance
 I - a +2 buckler (worn)
 O - a +3 plate armour (worn)
Jewellery
 g - a +6 ring of dexterity (left hand)
 q - a +6 ring of dexterity (right hand)
 H - an uncursed ring of magical power
Wands
 y - a wand of flame (16)
 C - a wand of paralysis (5)
 N - a wand of polymorph (6)
 Q - a wand of acid (6)
Scrolls
 c - 2 scrolls of teleportation
 f - 2 scrolls of fear
 h - 3 scrolls of enchant armour
 i - 2 scrolls of magic mapping
 k - 2 scrolls of amnesia
 o - 2 scrolls of random uselessness {unknown}
 p - 2 scrolls of summoning {unknown}
 A - 3 scrolls of remove curse
 D - 2 scrolls of noise {unknown}
 E - a scroll of immolation {unknown}
 J - 2 scrolls of identify
 L - 2 scrolls of fog {unknown}
Potions
 l - 3 potions of brilliance
 m - 2 potions of ambrosia
 r - a potion of lignification
 s - 5 potions of curing
 v - 4 potions of haste
 F - a potion of magic
 K - a potion of invisibility
 M - a potion of might
Miscellaneous
 e - a lightning rod (4/4)


   Skills:
 + Level 6.6 Fighting
 + Level 4.6 Short Blades
 + Level 4.6 Long Blades
 + Level 4.6 Axes
 + Level 4.6 Maces & Flails
 + Level 4.6 Polearms
 + Level 4.6 Staves
 + Level 4.6 Slings
 + Level 4.6 Bows
 + Level 5.4 Crossbows
 + Level 4.6 Throwing
 + Level 6.6 Armour
 + Level 4.6 Dodging
 + Level 4.6 Stealth
 + Level 6.6 Shields
 + Level 4.6 Unarmed Combat
 + Level 4.6 Spellcasting
 + Level 3.8 Conjurations
 + Level 3.8 Hexes
 + Level 3.8 Summonings
 + Level 3.8 Necromancy
 + Level 3.8 Translocations
 + Level 3.8 Transmutations
 + Level 3.8 Fire Magic
 + Level 5.5 Ice Magic
 + Level 3.8 Air Magic
 + Level 3.8 Earth Magic
 + Level 4.4 Poison Magic
 + Level 5.1 Invocations
 + Level 4.6 Evocations


You had 16 spell levels left.
You knew the following spells:

 Your Spells              Type           Power        Failure   Level
a - Sting                 Tmut/Pois      52%          61%         1

Your spell library contained the following spells:

 Spells                   Type           Power        Failure   Level
 Corona                   Hex            14%          65%         1
 Ensorcelled Hibernation  Hex/Ice        30%          67%         2
 Spider Form              Tmut/Pois      6%           93%         3
 Confusing Touch          Hex            13%          95%         3
 Dazzling Flash           Conj/Hex       26%          95%         3
 Gell's Gravitas          Tloc           6%           95%         3
 Tukima's Dance           Hex            13%          95%         3
 Petrify                  Tmut/Erth      13%          100%        4
 Metabolic Englaciation   Hex/Ice        7%           100%        5
 Yara's Violent Unravell  Hex/Tmut       6%           100%        5


Dungeon Overview and Level Annotations

Branches:
Dungeon (9/15)             Temple (1/1) D:7            Lair (0/6) D:9
    Orc: D:9-12

Altars:
Ashenzari
Cheibriados
Dithmenos
Elyvilon
Fedhas
Hepliaklqana
Kikubaaqudgha
Makhleb
Nemelex Xobeh
Okawaru
Qazlal
Ru
Sif Muna
Trog
Uskayaw
Vehumet
Wu Jian
Xom
Yredelemnul
Zin
The Shining One

Annotations:
D:5 exclusion: door
D:6 exclusion: ogre, Prince Ribbit
D:8 1 runed translucent door, exclusion: door, raetorn's ghost, novice HOMo


Innate Abilities, Weirdness & Mutations

Your experience applies equally to all skills.
You have very sharp teeth.
Your uncanny sense of smell can sniff out nearby items.


Message History

* * * LOW HITPOINT WARNING * * *
You hear some strange, mumbled words.
You are confused.
The wight barely misses you. The troll bites you.
* * * LOW HITPOINT WARNING * * *
The troll claws you.
* * * LOW HITPOINT WARNING * * *
The troll closely misses you.
You're too confused to move!
The wight barely misses you. The troll bites you but does no damage.
The troll claws you but does no damage. x2
You bump into the rock wall.
The wight barely misses you. The troll bites you but does no damage.
The troll claws you but does no damage. The troll claws you.
* * * LOW HITPOINT WARNING * * *
You bump into the rock wall.
You feel less confused.
The phantom blinks!
You block the troll's attack. The troll barely misses you. The troll claws you!
You die...
Your body disappears without a glow.

############## #[...........#
######.##########.#####
............# #.....#
.#####.####.# ##.....##
.#####.####.# #@§.§...#
###......##.####zT.....#####
*,#.....z...§z{§.§§......######
*,#.........§z..########§......
***,#.##.....###### ########
,,,,..#...>...###***** ###
***,**#...†......,>,,* #.. * *,*
#..########*************#.#
*##.####.#,,,,,,,,,,,,,,,∆,,,,+.#


You could see a troll and 3 wights.

Vanquished Creatures
  Pikel (D:4)
  A water moccasin (D:9)
  2 orc warriors
  A sky beast (D:9)
  An ogre (D:7)
  A necrophage (D:8)
  A phantom (D:7)
  2 centaurs
  A gnoll sergeant (D:5)
  2 bullfrogs (D:7)
  A scorpion (D:6)
  5 wights (D:6)
  2 centaur zombies
  A hound (D:5)
  2 bullfrog skeletons
  3 orc priests
  2 jellies
  A centaur skeleton (D:6)
  4 iguanas
  13 orc wizards
  7 worker ants
  A hound skeleton (D:4)
  A howler monkey zombie (D:5)
  11 adders
  4 gnolls
  A howler monkey skeleton (D:4)
  A shadow imp (D:5)
  6 white imps
  2 ufetubi (D:5)
  2 oozes
  An adder skeleton (D:8)
  3 worms
  4 dart slugs
  8 leopard geckos
  34 orcs
  2 ball pythons (D:1)
  8 giant cockroaches
  6 hobgoblins
  15 jackals
  5 kobolds
  4 quokkas
  6 bats
  7 frilled lizards
  8 goblins
  A jackal skeleton (D:6)
  A quokka skeleton (D:5)
  A quokka zombie (D:9)
  9 rats
206 creatures vanquished.

Vanquished Creatures (others)
  3 plants (D:1)
3 creatures vanquished.

Grand Total: 209 creatures vanquished

Notes
Turn   | Place    | Note
-------+----------+-------------------------------------------
     0 | D:1      | Electrofox the Gnoll Wanderer began the quest for the Orb.
     0 | D:1      | Electrofox set off with the following items: a +0 club, a
                  | +0 ring mail, a +0 kite shield; and the following spell
                  | memorised: Sting; and the following spells available to
                  | memorise: Spider Form
     0 | D:1      | Reached XP level 1. HP: 20/20 MP: 1/1
   133 | D:1      | Reached XP level 2. HP: 26/26 MP: 2/2
   462 | D:1      | Reached XP level 3. HP: 25/31 MP: 0/3
   945 | D:2      | Reached skill level 1 in Invocations
  1382 | D:2      | Reached skill level 1 in Short Blades
  1382 | D:2      | Reached skill level 1 in Long Blades
  1382 | D:2      | Reached skill level 1 in Axes
  1382 | D:2      | Reached skill level 1 in Maces & Flails
  1382 | D:2      | Reached skill level 1 in Polearms
  1382 | D:2      | Reached skill level 1 in Staves
  1382 | D:2      | Reached skill level 1 in Slings
  1382 | D:2      | Reached skill level 1 in Bows
  1382 | D:2      | Reached skill level 1 in Throwing
  1382 | D:2      | Reached skill level 1 in Dodging
  1382 | D:2      | Reached skill level 1 in Stealth
  1382 | D:2      | Reached skill level 1 in Unarmed Combat
  1382 | D:2      | Reached skill level 1 in Spellcasting
  1382 | D:2      | Reached skill level 1 in Evocations
  1382 | D:2      | Reached XP level 4. HP: 36/38 MP: 3/5
  1739 | D:2      | Found a radiant altar of Vehumet.
  1807 | D:2      | Reached skill level 1 in Conjurations
  1807 | D:2      | Reached skill level 1 in Hexes
  1807 | D:2      | Reached skill level 1 in Summonings
  1807 | D:2      | Reached skill level 1 in Necromancy
  1807 | D:2      | Reached skill level 1 in Translocations
  1807 | D:2      | Reached skill level 1 in Transmutations
  1807 | D:2      | Reached skill level 1 in Fire Magic
  1807 | D:2      | Reached skill level 1 in Air Magic
  1807 | D:2      | Reached skill level 1 in Earth Magic
  2247 | D:3      | Reached XP level 5. HP: 40/43 MP: 6/6
  3664 | D:4      | Reached XP level 6. HP: 35/50 MP: 8/8
  3839 | D:4      | Found a snail-covered altar of Cheibriados.
  3948 | D:4      | Found an iron altar of Okawaru.
  3972 | D:4      | Reached skill level 5 in Fighting
  3972 | D:4      | Reached skill level 5 in Armour
  3972 | D:4      | Reached skill level 5 in Shields
  4084 | D:5      | Entered Level 5 of the Dungeon
  4583 | D:5      | Noticed Pikel
  4591 | D:4      | Killed Pikel
  4592 | D:4      | Reached XP level 7. HP: 52/56 MP: 9/11
  4592 | D:4      | Reached XP level 8. HP: 58/63 MP: 9/12
  7126 | D:6      | Found an ancient bone altar of Kikubaaqudgha.
  7384 | D:6      | Reached skill level 5 in Ice Magic
  7384 | D:6      | Reached XP level 9. HP: 67/69 MP: 14/14
  7611 | D:6      | Found a shadowy altar of Dithmenos.
  7670 | D:6      | Noticed Prince Ribbit
  8062 | D:7      | Found a staircase to the Ecumenical Temple.
  8077 | D:7      | Reached skill level 5 in Crossbows
  8092 | Temple   | Entered the Ecumenical Temple
  8332 | Temple   | Became a worshipper of Nemelex Xobeh the Trickster
  9829 | D:8      | Found a runed translucent door.
  9830 | D:8      | Noticed raetorn's ghost (novice HOMo)
  9839 | D:8      | Reached * piety under Nemelex Xobeh
  9865 | D:8      | Reached skill level 5 in Invocations
 10103 | D:8      | Received a gift from Nemelex Xobeh
 10105 | D:8      | Found a sparkling altar of Nemelex Xobeh.
 10254 | D:9      | Found a broken altar of Ashenzari.
 10402 | D:9      | Found a glowing golden altar of the Shining One.
 10481 | D:9      | Found a staircase to the Lair.
 10583 | D:9      | Noticed a troll
 10646 | D:9      | Slain by a troll

Illustrated notes

Levels and vault maps discovered:
D:1:      minmay_arrival_cross, layout_basic, serial_forest,
          infiniplex_forest_clump_long, infiniplex_forest_lined_room_2,
          infiniplex_forest_corner_1, infiniplex_forest_clump_double,
          minmay_misc_feat_x
D:2:      layout_loops_cross, vehumet_crystals, minmay_misc_feat_roman
D:3:      layout_loops_ring, grunt_ministairs_14
D:4:      layout_rooms, overflow_temple_1_default, old_standard_altar
D:5:      layout_basic, gammafunk_temple_overflow_statue,
          minmay_strange_pillars, uniq_pikel
D:6:      layout_loops_ring, kiku_gazebo_pond_becter, lemuel_crystal_altar,
          uniq_prince_ribbit1
D:7:      layout_basic, minmay_temple_entry_trees, minmay_misc_feat_room
D:8:      layout_basic, ebering_ghost_reflecting_pool, minmay_crystal_room,
          grunt_ministairs_13, nemelex_altar_shiori
D:9:      minmay_quarter_circles, layout_loops_ring,
          cheibrodos_ashenzari_chains, dpeg_oklobed_lair, basic_altar, uniq_grum
Temple:   eino_temple_water

Skill      XL: |  1  2  3  4  5  6  7  8  9 |
---------------+----------------------------+-----
Poison Magic   | 2 3 4 |  4.4
Invocations    | 1 2 3 4 5 |  5.1
Short Blades   | 1 2 3 4 |  4.6
Long Blades    | 1 2 3 4 |  4.6
Axes           | 1 2 3 4 |  4.6
Maces & Flails | 1 2 3 4 |  4.6
Polearms       | 1 2 3 4 |  4.6
Staves         | 1 2 3 4 |  4.6
Slings         | 1 2 3 4 |  4.6
Bows           | 1 2 3 4 |  4.6
Throwing       | 1 2 3 4 |  4.6
Dodging        | 1 2 3 4 |  4.6
Stealth        | 1 2 3 4 |  4.6
Unarmed Combat | 1 2 3 4 |  4.6
Spellcasting   | 1 2 3 4 |  4.6
Evocations     | 1 2 3 4 |  4.6
Conjurations   | 1 2 3 |  3.8
Hexes          | 1 2 3 |  3.8
Summonings     | 1 2 3 |  3.8
Necromancy     | 1 2 3 |  3.8
Translocations | 1 2 3 |  3.8
Transmutations | 1 2 3 |  3.8
Fire Magic     | 1 2 3 |  3.8
Air Magic      | 1 2 3 |  3.8
Earth Magic    | 1 2 3 |  3.8
Crossbows      | 3 4 5 |  5.4
Ice Magic      | 4 5 |  5.5
Fighting       | 5 6 |  6.6
Armour         | 5 6 |  6.6
Shields        | 5 6 |  6.6

Action                   |  1- 3 |  4- 6 |  7- 9 || total
-------------------------+-------+-------+-------++-------
Melee: Club              |   105 |       |       ||   105
       Bite              |    13 |    16 |    64 ||    93
       Whip              |    86 |   138 |       ||   224
       Halberd           |       |    42 |       ||    42
       Flail             |       |    14 |   320 ||   334
       Dagger            |       |       |     5 ||     5
       Demon blade       |       |       |    19 ||    19
 Fire: Hunting sling     |       |       |    50 ||    50
Throw: Dart              |       |    27 |    44 ||    71
 Cast: Sting             |     3 |     4 |       ||     7
Invok: Draw Escape       |       |       |     2 ||     2
  Use: Scroll            |     1 |     5 |    10 ||    16
       Potion            |       |     1 |       ||     1
 Stab: Sleeping          |       |       |     1 ||     1
Armor: Ring mail         |    92 |    38 |    22 ||   152
       Leather armour    |       |     7 |     3 ||    10
       Scale mail        |       |       |    38 ||    38
       Plate armour      |       |       |    40 ||    40
Dodge: Dodged            |    76 |    70 |   110 ||   256
Block: Kite shield       |   117 |    61 |    77 ||   255
       Buckler           |       |       |    77 ||    77
       Rpst.: Demon blade |       |       |     1 ||     1
